 Dungeon Crawl Stone Soup version 0.23-a0-494-g91793a9 (webtiles) character file.

1349 theanonym the Skirmisher (level 8, -14/67 HPs)
             Began as a Mummy Warper on Dec 4, 2018.
             Was an Initiate of Gozag.
             Blown up by a crimson imp (20 damage)
             ... with a wand of disintegration (3)
             ... on level 5 of the Dungeon.
             The game lasted 00:10:16 (7601 turns).

theanonym the Skirmisher (Mummy Warper)             Turns: 7601, Time: 00:10:16

Health: -14/67     AC: 11    Str: 17    XL:     8   Next: 36%
Magic:  12/12      EV:  9    Int: 12    God:    Gozag
Gold:   623        SH:  0    Dex: 11    Spells: 12/12 levels left

rFire    . . .     SeeInvis .   p - +0 rapier
rCold    . . .     Gourm    .   (no shield)
rNeg     + + +     Faith    .   q - +0 chain mail
rPois    ∞         Spirit   .   (no helmet)
rElec    .         Reflect  .   (no cloak)
rCorr    .         Harm     .   a - +0 pair of gloves
MR       +....                  g - +1 pair of boots
Stlth    ..........             (no amulet)
HPRegen  0.21/turn              b - +2 ring of evasion
MPRegen  0.13/turn              o - ring of fire

@: no status effects
A: no food or potions, fire vulnerability, cold resistance 1, negative energy
resistance 3, torment resistance, unbreathing
a: Potion Petition, Call Merchant, Bribe Branch, Renounce Religion


Innate Abilities, Weirdness & Mutations

You do not eat or drink.
Your flesh is vulnerable to fire.
You are immune to poison.
Your flesh is cold resistant. (rC+)
You are immune to negative energy. (rN+++)
You are immune to unholy pain and torment.
You can survive without breathing.


   Skills:
 + Level 7.5 Fighting
 - Level 2.2(4.2) Short Blades
 + Level 5.6(5.9) Long Blades
 - Level 0.7 Throwing
 - Level 0.7 Armour
 - Level 1.5 Dodging
 - Level 2.6 Spellcasting
   Level 2.4 Translocations


You had 12 spell levels left.
You didn't know any spells.
Your spell library contained the following spells:

 Spells                   Type           Power        Failure   Level  Hunger
 Blink                    Tloc           N/A          94%         2    N/A
 Shroud of Golubria       Chrm/Tloc      #.........   99%         2    N/A
 Gell's Gravitas          Tloc           #.........   99%         3    N/A
 Lesser Beckoning         Tloc           #.........   99%         3    N/A
 Teleport Other           Tloc           #.......     99%         3    N/A
 Passage of Golubria      Tloc           N/A          100%        4    N/A

Skill      XL: |  1  2  3  4  5  6  7  8 |
---------------+-------------------------+-----
Short Blades   | 2 |  2.2
Fighting       | 3 4 5 6 7 |  7.5
Long Blades    | 1 2 3 5 |  5.6
Throwing       | |  0.7
Armour         | |  0.7
Dodging        | |  1.5
Spellcasting   | |  2.6
Translocations | |  2.4

Action                   |  1- 3 |  4- 6 |  7- 9 || total
-------------------------+-------+-------+-------++-------
Melee: Short sword       |    57 |   297 |   233 ||   587
       Dagger            |    44 |       |       ||    44
       Scimitar          |    11 |       |       ||    11
       Rapier            |       |       |    34 ||    34
Throw: Tomahawk          |       |     1 |     2 ||     3
       Throwing net      |       |       |     1 ||     1
Invok: Potion Petition   |       |       |     1 ||     1
  Use: Scroll            |     7 |     3 |     1 ||    11
Armor: Leather armour    |    38 |    43 |       ||    81
       Skin              |       |    17 |       ||    17
       Chain mail        |       |    60 |   126 ||   186
Dodge: Dodged            |    61 |   182 |    93 ||   336
       Rpst.: Scimitar   |     1 |       |       ||     1

Inventory:

Hand Weapons
 f - a +0 scimitar
   (You found it on level 2 of the Dungeon)
 k - a +0 short sword of venom
   (You found it on level 2 of the Dungeon)
 l - a -1 rapier
   (You found it on level 2 of the Dungeon)
 p - a +0 rapier (weapon)
   (You found it on level 5 of the Dungeon)
Missiles
 d - 5 silver tomahawks
 e - 2 tomahawks of dispersal (quivered)
 m - 4 tomahawks
Armour
 a - a +0 pair of gloves (worn)
   (You found it on level 2 of the Dungeon)
 g - a +1 pair of boots (worn)
   (You found it on level 1 of the Dungeon)
 q - a +0 chain mail (worn)
   (You took it off an orc on level 3 of the Dungeon)
Jewellery
 b - a +2 ring of evasion (left hand)
   (You took it off an orc wizard on level 3 of the Dungeon)
 j - an uncursed ring of magical power
   (You found it on level 4 of the Dungeon)
 o - a ring of fire (right hand)
   (You found it on level 4 of the Dungeon)
Scrolls
 c - 2 scrolls of amnesia
 h - 2 scrolls of fear
 i - 2 scrolls of immolation
 n - 3 scrolls of remove curse
 r - a scroll of identify
 t - 2 scrolls of teleportation {!r}
 y - a scroll of magic mapping
 B - a scroll of blinking


You were on level 5 of the Dungeon.
You worshipped Gozag.
Gozag was pleased with you.
You were not hungry.

You visited 1 branch of the dungeon, and saw 5 of its levels.

You collected 689 gold pieces.
You paid 66 gold pieces to Gozag.

Dungeon Overview and Level Annotations

Branches:
Dungeon (5/15)
 Temple: D:4-7

Altars:
Fedhas
Gozag
Sif Muna
Xom

Annotations:
D:2 exclusion: goblin

#.# #....# #.#
#....###### #.#
#.........# #.#
#.........# #.# #####
#.........# #.# #...#
#.........# #.#
######.).#####.......#
#.#
.........5).....@.%..#
#.#
##.###....############
#.# #.###..............#
#.#
#....##............####
#.#
#.)..##...............#
#.#
#....##.5.(...).......#
#.#
#....##.......(.......#
#.#
##....##(.....(([......#
#.#
#.....##.......(.......#
#.#


You could see a crimson imp.

Notes
Turn   | Place    | Note
-------+----------+-------------------------------------------
     0 | D:1      | theanonym the Mummy Warper began the quest for the Orb.
     0 | D:1      | Reached XP level 1. HP: 16/16 MP: 4/4
   213 | D:1      | HP: 6/16 [goblin (3)]
   219 | D:1      | HP: 6/16 [goblin (1)]
   224 | D:1      | Reached skill level 2 in Short Blades
   224 | D:1      | Reached XP level 2. HP: 6/23 MP: 5/5
  1164 | D:2      | HP: 9/23 [worm (6)]
  1377 | D:2      | Reached XP level 3. HP: 20/28 MP: 7/7
  1543 | D:2      | Reached skill level 3 in Fighting
  1561 | D:2      | Found a deep blue altar of Sif Muna.
  1767 | D:2      | Reached skill level 1 in Long Blades
  1982 | D:2      | Reached XP level 4. HP: 35/35 MP: 8/8
  2364 | D:2      | HP: 16/35 [gnoll/+0 spear (5)]
  2718 | D:2      | HP: 16/36 [gnoll/+0 spear (6)]
  3025 | D:2      | HP: 18/37 [gnoll/+0 spear of freezing (1)]
  3034 | D:2      | HP: 16/37 [bat (1)]
  3046 | D:2      | HP: 13/37 [gnoll/+0 spear (4)]
  3049 | D:2      | Reached skill level 2 in Long Blades
  3582 | D:3      | Reached XP level 5. HP: 42/42 MP: 9/9
  3688 | D:3      | Reached skill level 4 in Fighting
  3873 | D:3      | HP: 19/42 [orc wizard/magic dart (8)]
  3881 | D:3      | HP: 10/42 [orc wizard/puff of flame (10)]
  4140 | D:3      | Found an opulent altar of Gozag.
  4153 | D:3      | Became a worshipper of Gozag Ym Sagoz the Greedy
  4377 | D:3      | HP: 21/42 [orc wizard/puff of flame (12)]
  4381 | D:3      | HP: 9/42 [orc/+0 hand axe (9)]
  4385 | D:3      | HP: 3/42 [orc/+0 hand axe (3)]
  4385 | D:3      | HP: 1/42 [something (2)]
  4690 | D:3      | HP: 19/42 [orc wizard/+0 dagger (3)]
  4695 | D:3      | HP: 12/43 [orc/+0 hand axe (3)]
  4748 | D:3      | HP: 15/43 [adder (2)]
  4986 | D:3      | Reached XP level 6. HP: 38/49 MP: 10/10
  5216 | D:4      | Noticed Sigmund
  5226 | D:4      | Killed Sigmund
  5226 | D:4      | Reached skill level 5 in Fighting
  5226 | D:4      | Reached skill level 3 in Long Blades
  5329 | D:4      | Found a runed door.
  5329 | D:4      | Noticed Amnesiac's ghost (amateur SpEn)
  5505 | D:3      | Reached XP level 7. HP: 34/56 MP: 11/11
  5677 | D:4      | Reached skill level 4 in Long Blades
  5841 | D:4      | HP: 23/57 [ogre/+0 giant club (15)]
  5850 | D:4      | HP: 11/57 [ogre/+0 giant club (14)]
  5854 | D:4      | Reached skill level 6 in Fighting
  5857 | D:4      | HP: 10/58 [worker ant (2)]
  5866 | D:4      | HP: 9/58 [adder (3)]
  5871 | D:3      | HP: 6/58 [adder (4)]
  6060 | D:4      | Found a shimmering altar of Xom.
  6183 | D:4      | HP: 25/59 [orc priest/divine providence (13)]
  6198 | D:4      | HP: 27/59 [orc wizard/magic dart (1)]
  6212 | D:4      | HP: 29/59 [orc/+0 flail (1)]
  6936 | D:4      | Killed Amnesiac's ghost
  6936 | D:4      | Reached skill level 5 in Long Blades
  6936 | D:4      | Reached XP level 8. HP: 62/65 MP: 12/12
  6953 | D:5      | Entered Level 5 of the Dungeon
  6975 | D:5      | Reached skill level 7 in Fighting
  7150 | D:5      | HP: 22/67 [orc/+2 whip of electrocution (20)]
  7155 | D:5      | HP: 14/67 [orc wizard/magic dart (4)]
  7173 | D:5      | HP: 15/67 [orc wizard/+0 dagger (2)]
  7265 | D:5      | HP: 27/67 [howler monkey (6)]
  7563 | D:5      | Found a blossoming altar of Fedhas.
  7576 | D:5      | HP: 23/67 [disintegration (21)]
  7595 | D:5      | HP: 11/67 [disintegration (16)]
  7601 | D:5      | Blown up by a crimson imp

Vanquished Creatures
  Sigmund (D:4)
  The ghost of Amnesiac the Covert, an amateur SpEn (D:4)
  2 ogres (D:4)
  A centaur (D:5)
  A howler monkey (D:5)
  A crimson imp (D:5)
  2 orc priests (D:4)
  A bullfrog skeleton (D:5)
  3 iguanas (D:4)
  8 orc wizards
  A centaur skeleton (D:4)
  3 worker ants
  4 gnolls
  10 adders
  An adder skeleton (D:4)
  4 worms
  5 dart slugs
  2 leopard geckos
  16 orcs
  10 bats
  9 giant cockroaches
  11 goblins
  8 hobgoblins
  9 jackals
  6 kobolds
  2 quokkas
  A ball python skeleton (D:4)
  2 frilled lizards (D:4)
  A jackal skeleton (D:4)
  9 rats
135 creatures vanquished.

Table legend:
 A = Turns spent in this place as a percentage of turns spent in the entire game.
 B = Non-inter-level travel turns spent in this place as a percentage of non-inter-level travel turns spent in the entire game.
 C = Inter-level travel turns spent in this place as a percentage of turns spent in this place.
 D = Turns resting spent in this place as a percentage of non-inter-level travel turns spent in this place.
 E = Turns spent auto-exploring this place as a percentage of non-inter-level travel turns spent in this place.
 F = Non-inter-level travel turns spent in this place divided by the number of levels of this place that you've seen.
                   A       B       C       D       E      F
               +-------+-------+-------+-------+-------+----------------------
         Total | 100.0 | 100.0 |   3.3 |  43.1 |  37.7 | 1469.8
       Dungeon | 100.0 | 100.0 |   3.3 |  43.1 |  37.7 | 1469.8
               +-------+-------+-------+-------+-------+----------------------
